 Dungeon Sprint DCSS version 0.27.1-1-g398f81649c (webtiles) character file.

Game seed: 2491240624764357782

2082 boopmooplesden the Severer (level 11, -2/110 HPs)
             Began as a Minotaur Fighter on Sept 18, 2021.
             Was a High Priest of Okawaru.
             Slain by a two-headed ogre (17 damage)
             ... in the Dungeon (Sprint VI: "Thunderdome").
             The game lasted 00:11:17 (1642 turns).

boopmooplesden the Severer (Minotaur Fighter)       Turns: 1642, Time: 00:11:17

Health: -2/110     AC: 17    Str: 18      XL:     11   Next: 44%
Magic:  22/22      EV: 12    Int: 11 (12) God:    Okawaru [*****.]
Gold:   69         SH: 16    Dex: 20      Spells: 10/10 levels left

rFire    . . .     SeeInvis +   i - +0 broad axe (protect)
rCold    + . .     Faith    .   c - +0 kite shield
rNeg     + . .     Spirit   .   u - +0 plate armour
rPois    +         Reflect  .   e - +0 hat of the Beggar {Int+5 SInv}
rElec    +         Harm     .   s - scarf {shadows}
rCorr    +         Rampage  .   r - +0 pair of gloves
Will     .....     NoTele   +   v - -2 pair of boots "Kyis" {Contam rC+ Regen+ Dex+3}
Stlth    ..........             o - amulet "Wikhlotus" {RegenMP rElec Regen+ rCorr Str-2}
HPRegen  2.28/turn              d - ring of Monotheism {Drain rPois MP+9 Int+4}
MPRegen  0.43/turn              p - ring "Lohy" {*Corrode rN+ Dex+7}

@: heroic, corroded, unable to read, under a protective aura
A: horns 2, retaliatory headbutt, deformed body, deterioration 2, dopey 1,
screaming 2, weak 2, inability to read while threatened
}: 1/15 runes: serpentine
a: Renounce Religion, Heroism, Finesse


You were in the Dungeon.
You worshipped Okawaru.
Okawaru was extremely pleased with you.
You visited 1 branch You collected 1800 gold pieces.
You spent 1731 gold pieces at shops.

Inventory:

Hand Weapons
 a - a +0 war axe
 i - a +0 broad axe of protection (weapon)
Armour
 b - a +0 scale mail
 c - a +0 kite shield (worn)
 e - the +0 hat of the Beggar (worn) {Int+5 SInv}
   (You bought it in a shop in the Dungeon)

   Int:       It affects your intelligence (+5).
   SInv:      It lets you see invisible.
 q - a +0 cloak
 r - a +0 pair of gloves (worn)
 s - a scarf of shadows (worn)
 t - the +2 leather armour of Entitlement {Fly Str+2}
   (You bought it in a shop in the Dungeon)

   Str:       It affects your strength (+2).
   Fly:       It grants you flight.
 u - a +0 plate armour (worn)
 v - the -2 pair of boots "Kyis" (worn) {Contam rC+ Regen+ Dex+3}
   (You bought it in a shop in the Dungeon)

   Dex:       It affects your dexterity (+3).
   rC:        It protects you from cold.
   Contam:    It causes magical contamination when unequipped.
   Regen:     It increases your rate of health regeneration.
Jewellery
 d - the ring of Monotheism (left hand) {Drain rPois MP+9 Int+4}
   (You bought it in a shop in the Dungeon)

   [ring of poison resistance]

   Int:       It affects your intelligence (+4).
   rPois:     It protects you from poison.
   MP:        It affects your magic capacity (+9).
   Drain:     It drains your maximum health when unequipped.
 o - the amulet "Wikhlotus" (around neck) {RegenMP rElec Regen+ rCorr Str-2}
   (You bought it in a shop in the Dungeon)

   [amulet of magic regeneration]

   It increases your rate of magic regeneration.
   Str:       It affects your strength (-2).
   rElec:     It insulates you from electricity.
   Regen:     It increases your rate of health regeneration.
   rCorr:     It protects you from acid and corrosion.
 p - the ring "Lohy" (right hand) {*Corrode rN+ Dex+7}
   (You bought it in a shop in the Dungeon)

   [ring of positive energy]

   Dex:       It affects your dexterity (+7).
   rN:        It protects you from negative energy.
   *Corrode:  It may corrode you when you take damage.
Wands
 l - a wand of acid (5)
 m - a wand of iceblast (5)
Scrolls
 j - 4 scrolls of blinking
 n - 3 scrolls of fog
Potions
 f - 3 potions of heal wounds
 g - 4 potions of haste
 h - 2 potions of magic
 k - a potion of resistance


   Skills:
 + Level 14.3(19.3) Fighting
 + Level 0.8(6.0) Short Blades
 + Level 0.7(6.0) Long Blades
 + Level 18.0(23.1) Axes
 + Level 0.7(17.2) Maces & Flails
 + Level 1.3(17.3) Polearms
 + Level 0.7(6.3) Staves
 + Level 0.6(5.8) Slings
 + Level 0.6(5.6) Bows
 + Level 0.6(5.6) Crossbows
 + Level 0.5(5.7) Throwing
 + Level 12.8(17.8) Armour
 + Level 6.1(11.1) Dodging
 + Level 2.0(7.0) Stealth
 + Level 15.1(20.1) Shields
 + Level 0.6(5.6) Unarmed Combat
 + Level 0.2 Spellcasting
 + Level 0.3 Conjurations
 + Level 0.2 Hexes
 + Level 0.3 Summonings
 + Level 0.3 Necromancy
 + Level 0.3 Translocations
 + Level 0.3 Transmutations
 + Level 0.3 Fire Magic
 + Level 0.3 Ice Magic
 + Level 0.3 Air Magic
 + Level 0.3 Earth Magic
 + Level 0.7 Poison Magic
 + Level 4.0 Invocations
 + Level 0.4 Evocations


You had 10 spell levels left.
You didn't know any spells.
Your spell library was empty.

Dungeon Overview and Level Annotations

Branches:
Dungeon (1/1)

Altars:
Cheibriados
Dithmenos
Fedhas
Gozag
Kikubaaqudgha
Makhleb
Okawaru
Qazlal
Ru
Sif Muna
Trog
Uskayaw
Vehumet
Wu Jian
Xom
Yredelemnul
Zin
The Shining One
Beogh
Jiyva
Lugonu

Shops:
D *[??*?*:[((!!!!


Innate Abilities, Weirdness & Mutations

You have a pair of horns on your head.
You reflexively headbutt those who attack you in melee.
Armour fits poorly on your strangely shaped body.
Your body often deteriorates upon taking damage.
You are dopey. (Int -2)
You frequently scream uncontrollably at your foes.
You are very weak. (Str -4)
You sometimes lose the ability to read scrolls when taking damage.


Message History

You barely miss the ogre mage.
The ogre mage points at you and mumbles some strange words.
You suddenly lose the ability to move!
The two-headed ogre hits you with a +0 giant club!
The two-headed ogre hits you but does no damage.
The ogre mage hits you with a +0 spear!
Your corrosive artefact corrodes you!
The two-headed ogre hits you with a +0 giant club!
The two-headed ogre hits you with a +0 giant club.
The ogre mage hits you but does no damage.
The two-headed ogre hits you but does no damage. x2
The ogre mage hits you but does no damage.
The two-headed ogre hits you but does no damage.
The two-headed ogre barely misses you.
The two-headed ogre hits you but does no damage. x2
The ogre mage casts a spell.
The ogre mage flickers and vanishes for a moment.
The two-headed ogre hits you with a +0 giant club. x2
The ogre hits you with a +0 giant spiked club!
The ogre mage hits you with a +0 spear.
* * * LOW HITPOINT WARNING * * *
You can move again.
You barely miss the ogre. Your headbutt misses the ogre.
You hit the ogre mage but do no damage.
Your weapon exudes an aura of protection.
You hit the two-headed ogre but do no damage.
The two-headed ogre barely misses you. The two-headed ogre closely misses you.
The ogre mage hits you but does no damage.
You block the ogre's attack.
You hit the two-headed ogre but do no damage.
Your headbutt misses the two-headed ogre.
The two-headed ogre is severely wounded.
You slash the ogre mage! You hit the ogre but do no damage.
The two-headed ogre hits you with a +0 giant club!
* * * LOW HITPOINT WARNING * * *
The two-headed ogre hits you but does no damage.
The ogre mage hits you from afar with a +0 spear.
* * * LOW HITPOINT WARNING * * *
You block the ogre's attack. You block the two-headed ogre's attack.
The two-headed ogre hits you with a +0 giant club!
You die...

#⌠..)...)....⌠#
######(8).....)..8.######
##.__.......###...)..___∩#
###∩........8.# #.8...(....∩
##............O###.....|.....
#⌠..........###...###........
#⌠....).....# #.<.# #........
#⌠.........)###...###........
##........OO@..###........(..
###∩.......O8)# #.8........∩
##∩___....).###...)..___∩#
######.8..)......8.######
#⌠..........)⌠#
###......(..### #_....).._#
#_......._# #_.[....._#


You could see a two-headed ogre (fast), an ogre mage (invisible) and an ogre.

Vanquished Creatures
  Erolcha (D)
  A boulder beetle (D)
  3 two-headed ogres (D)
  Aizul (D)
  A deep elf pyromancer (D)
  A gargoyle (D)
  A meliai (D)
  A slime creature (D)
  10 neqoxecs (D)
  2 nagas (D)
  A water moccasin (D)
  Purgy (D)
  8 centaurs (D)
  9 ogres (D)
  2 scorpions (D)
  A killer bee (D)
  An orc wizard (D)
  A hell rat (D)
  An adder (D)
  A river rat (D)
  3 ball pythons (D)
  2 quokkas (D)
  A quokka simulacrum (D)
  A rat (D)
55 creatures vanquished.

Notes
Turn   | Place    | Note
-------+----------+-------------------------------------------
     0 | D        | boopmooplesden the Minotaur Fighter began the quest for the
                  | Orb.
     0 | D        | Reached XP level 1. HP: 19/19 MP: 0/0
     3 | D        | Found a snail-covered altar of Cheibriados.
     3 | D        | Found a basalt altar of Yredelemnul.
     4 | D        | Found a sacrificial altar of Ru.
     4 | D        | Found a radiant altar of Vehumet.
     5 | D        | Found a shadowy altar of Dithmenos.
     5 | D        | Round 1.
     6 | D        | Found Hanum's Do-It-Yourself Clinic.
     6 | D        | Found an ancient bone altar of Kikubaaqudgha.
     6 | D        | Found an iron altar of Okawaru.
     6 | D        | Found Hut Vang's Distillery.
     7 | D        | Noticed a scorpion
     7 | D        | Found Kifu's Bottled Wisdom.
     7 | D        | Found Yczun's Distillery.
     9 | D        | Found a viscous altar of Jiyva.
    14 | D        | Became a worshipper of Warmaster Okawaru
    18 | D        | Killed a scorpion
    18 | D        | Reached * piety under Okawaru
    19 | D        | Reached skill level 3 in Axes
    19 | D        | Reached skill level 5 in Armour
    19 | D        | Reached XP level 2. HP: 30/30 MP: 1/1
    19 | D        | Reached XP level 3. HP: 37/37 MP: 2/2
    25 | D        | Found a stormy altar of Qazlal.
    25 | D        | Noticed a water moccasin
    26 | D        | Found a shimmering altar of Xom.
    26 | D        | Found an opulent altar of Gozag.
    26 | D        | Found a blossoming altar of Fedhas.
    26 | D        | Found Uwiomnoo's Weapon Rack.
    26 | D        | Found Xocig's Premium Goods.
    27 | D        | Found Boskenkubi's Basic Armour.
    27 | D        | Found Kemefuof's Miscellaneous Merchandise.
    28 | D        | Noticed a scorpion
    33 | D        | Killed a scorpion
    34 | D        | Reached skill level 4 in Axes
    34 | D        | Reached XP level 4. HP: 47/47 MP: 3/3
    34 | D        | Killed a water moccasin
    34 | D        | Reached ** piety under Okawaru
    35 | D        | Reached skill level 5 in Axes
    35 | D        | Reached XP level 5. HP: 56/56 MP: 4/4
    35 | D        | Found a shimmering blue altar of Sif Muna.
    36 | D        | Found a bloodstained altar of Trog.
    37 | D        | Found a hide-covered altar of Uskayaw.
    38 | D        | Found Qomuemn's Identification Station.
    39 | D        | Found Gewnimon's Advanced Armour.
    39 | D        | Found Cosesot's Jewellery.
    40 | D        | Found a glowing golden altar of the Shining One.
    40 | D        | Found a glowing silver altar of Zin.
    44 | D        | Found a burning altar of Makhleb.
    46 | D        | Found an ornate altar of the Wu Jian Council.
    47 | D        | Found Abawut's Magic Scroll Shop.
    48 | D        | Found a corrupted altar of Lugonu.
    48 | D        | Found Icubra's Staff Store.
    48 | D        | Found Leefro's Magic Scroll Shop.
    48 | D        | Found Qoig's Must-Have Magic.
    61 | D        | Reached skill level 6 in Axes
    69 | D        | Bought a translucent tin ring for 45 gold pieces
    69 | D        | Identified the ring of Monotheism {Drain rPois MP+9 Int+4}
                  | (You bought it in a shop in the Dungeon)
    69 | D        | Bought a faintly glowing platinum amulet for 45 gold pieces
    69 | D        | Identified the amulet "Wikhlotus" {RegenMP rElec Regen+
                  | rCorr Str-2} (You bought it in a shop in the Dungeon)
    69 | D        | Bought a twitching copper ring for 45 gold pieces
    69 | D        | Identified the ring "Lohy" {*Corrode rN+ Dex+7} (You bought
                  | it in a shop in the Dungeon)
   152 | D        | Arena points: 5 (+5) [x1]
   164 | D        | Bought a +0 cloak for 54 gold pieces
   167 | D        | Round 2.
   247 | D        | Noticed Purgy
   254 | D        | Killed Purgy
   255 | D        | Reached XP level 6. HP: 61/64 MP: 5/5
   330 | D        | Arena points: 33 (+28) [x2]
   331 | D        | Reached skill level 7 in Axes
   356 | D        | Bought a +0 pair of gloves for 54 gold pieces
   357 | D        | Round 3.
   404 | D        | Noticed a naga
   414 | D        | Killed a naga
   415 | D        | Reached skill level 10 in Shields
   415 | D        | Reached XP level 7. HP: 34/71 MP: 6/6
   467 | D        | Arena points: 96 (+63) [x3]
   468 | D        | Reached skill level 10 in Fighting
   468 | D        | Reached skill level 8 in Axes
   468 | D        | Reached skill level 10 in Armour
   521 | D        | Round 4.
   525 | D        | Noticed a two-headed ogre
   533 | D        | Killed a two-headed ogre
   533 | D        | Reached *** piety under Okawaru
   533 | D        | Reached **** piety under Okawaru
   534 | D        | Reached skill level 11 in Axes
   534 | D        | Reached skill level 1 in Invocations
   534 | D        | Reached XP level 8. HP: 54/82 MP: 7/7
   567 | D        | Noticed Erolcha
   589 | D        | Reached skill level 1 in Dodging
   601 | D        | Killed Erolcha
   601 | D        | Reached ***** piety under Okawaru
   602 | D        | Reached skill level 13 in Axes
   602 | D        | Reached XP level 9. HP: 10/90 MP: 9/9
   651 | D        | Received a gift from Okawaru
   663 | D        | Arena points: 224 (+128) [x4]
   686 | D        | Bought a slimy leather armour for 245 gold pieces
   686 | D        | Identified the +2 leather armour of Entitlement {Fly Str+2}
                  | (You bought it in a shop in the Dungeon)
   721 | D        | Round 5.
   724 | D        | Noticed Aizul
   747 | D        | Killed Aizul
   747 | D        | Arena points: 464 (+240) [x6]
   748 | D        | Reached skill level 14 in Axes
   750 | D        | Got a serpentine rune of Zot
   753 | D        | Reached skill level 1 in Polearms
   753 | D        | Reached XP level 10. HP: 92/99 MP: 11/11
   807 | D        | Bought a +0 broad axe for 120 gold pieces
   906 | D        | Round 6.
   970 | D        | Reached skill level 15 in Axes
  1031 | D        | Reached skill level 1 in Stealth
  1031 | D        | Arena points: 842 (+378) [x7]
  1041 | D        | Bought a scroll of brand weapon for 200 gold pieces
  1093 | D        | Round 7.
  1121 | D        | Noticed a deep elf pyromancer
  1138 | D        | Killed a deep elf pyromancer
  1194 | D        | Noticed a boulder beetle
  1206 | D        | Killed a boulder beetle
  1207 | D        | Reached skill level 16 in Axes
  1207 | D        | Reached XP level 11. HP: 44/107 MP: 12/12
  1249 | D        | Arena points: 1290 (+448) [x8]
  1262 | D        | Bought a slimy hat for 315 gold pieces
  1262 | D        | Identified the +0 hat of the Beggar {Int+5 SInv} (You
                  | bought it in a shop in the Dungeon)
  1282 | D        | Bought a +0 plate armour for 276 gold pieces
  1294 | D        | Round 8.
  1309 | D        | Gained mutation: Your body sometimes deteriorates upon
                  | taking damage. [a neqoxec]
  1311 | D        | Gained mutation: You are weak. (Str -2) [a neqoxec]
  1316 | D        | Gained mutation: You occasionally shout uncontrollably at
                  | your foes. [a neqoxec]
  1318 | D        | Reached skill level 5 in Dodging
  1323 | D        | Gained mutation: You are very weak. (Str -4) [a neqoxec]
  1396 | D        | Gained mutation: Armour fits poorly on your strangely
                  | shaped body. [a neqoxec]
  1399 | D        | Gained mutation: You are dopey. (Int -2) [a neqoxec]
  1402 | D        | Gained mutation: You frequently scream uncontrollably at
                  | your foes. [a neqoxec]
  1409 | D        | Gained mutation: Your body often deteriorates upon taking
                  | damage. [a neqoxec]
  1409 | D        | Lost mutation: You are dopey. (Int -2) [a neqoxec]
  1413 | D        | Reached skill level 17 in Axes
  1415 | D        | Gained mutation: You sometimes lose the ability to read
                  | scrolls when taking damage. [a neqoxec]
  1420 | D        | Gained mutation: You are dopey. (Int -2) [a neqoxec]
  1427 | D        | Arena points: 2082 (+792) [x9]
  1443 | D        | Bought a pair of steaming boots for 332 gold pieces
  1443 | D        | Identified the -2 pair of boots "Kyis" {Contam rC+ Regen+
                  | Dex+3} (You bought it in a shop in the Dungeon)
  1495 | D        | Round 9.
  1506 | D        | Noticed a two-headed ogre
  1518 | D        | Killed a two-headed ogre
  1549 | D        | Reached skill level 15 in Shields
  1560 | D        | Noticed a two-headed ogre
  1570 | D        | Killed a two-headed ogre
  1571 | D        | Reached skill level 18 in Axes
  1622 | D        | Noticed a two-headed ogre
  1624 | D        | Noticed an ogre mage
  1634 | D        | Paralysed by an ogre mage for 5 turns
  1642 | D        | Slain by a two-headed ogre

Illustrated notes

Levels and vault maps discovered:
D:        arena_sprint

Skill      XL: |  1  2  3  4  5  6  7  8  9 10 11 |
---------------+----------------------------------+-----
Fighting       | 6 7 8 9 11 12 13 14 | 14.3
Axes           | 3 4 5 6 7 11 13 14 16 18 | 18.0
Armour         | 5 6 8 9 11 12 | 12.8
Shields        | 6 7 8 9 10 11 12 13 14 15 | 15.1
Invocations    | 1 2 3 4 |  4.0
Dodging        | 1 2 4 6 |  6.1
Polearms       | 1 |  1.3
Stealth        | 1 2 |  2.0
Short Blades   | |  0.8
Long Blades    | |  0.7
Maces & Flails | |  0.7
Staves         | |  0.7
Slings         | |  0.6
Bows           | |  0.6
Crossbows      | |  0.6
Throwing       | |  0.5
Unarmed Combat | |  0.6
Spellcasting   | |  0.2
Conjurations   | |  0.3
Hexes          | |  0.2
Summonings     | |  0.3
Necromancy     | |  0.3
Translocations | |  0.3
Transmutations | |  0.3
Fire Magic     | |  0.3
Ice Magic      | |  0.3
Air Magic      | |  0.3
Earth Magic    | |  0.3
Poison Magic   | |  0.7
Evocations     | |  0.4

Action                   |  1- 3 |  4- 6 |  7- 9 | 10-12 || total
-------------------------+-------+-------+-------+-------++-------
Melee: War axe           |     5 |    31 |    63 |       ||    99
       Headbutt          |     2 |     7 |    15 |    34 ||    58
       Broad axe         |       |       |       |   137 ||   137
Invok: Heroism           |       |     1 |     4 |     7 ||    12
  Use: Potion            |     1 |       |     3 |     1 ||     5
       Scroll            |       |       |       |     1 ||     1
Armor: Scale mail        |     2 |    10 |     2 |       ||    14
       Leather armour    |       |       |     1 |    16 ||    17
       Plate armour      |       |       |       |    19 ||    19
Dodge: Dodged            |     2 |    11 |    15 |    51 ||    79
Block: Kite shield       |     5 |    24 |    21 |   104 ||   154
